 Dungeon Crawl Stone Soup version 0.29.0-4-gdea44cf6ec (webtiles) character file.

Game seed: 7606904398290687756

24650 qw the Brawler (level 12, -10/118 HPs)
             Began as a Troll Cinder Acolyte on Aug 31, 2022.
             Was an Initiate of Ignis.
             Mangled by a torpor snail (14 damage)
             ... on level 4 of the Lair of Beasts.
             The game lasted 00:05:55 (10165 turns).

qw the Brawler (Troll Cinder Acolyte)              Turns: 10165, Time: 00:05:55

Health: -10/118    AC: 12    Str: 29    XL:     12   Next: 82%
Magic:  12/12      EV: 12    Int: 10    God:    Ignis [......]
Gold:   966        SH: 11    Dex:  5    Spells: 13/13 levels left

rFire   + . .      SeeInvis .     - Unarmed
rCold   . . .      Faith    .   h - +2 kite shield
rNeg    . . .      Spirit   .   a - +0 robe
rPois   .          Reflect  .   m - +2 hat
rElec   .          Harm     .   i - +1 cloak
rCorr   .          Rampage  .   (gloves unavailable)
Will    .....                   (boots unavailable)
Stlth   +.........              (no amulet)
HPRegen 1.09/turn               p - +4 ring of evasion
MPRegen 0.13/turn               k - +4 ring of protection

@: slowed, very slow
A: large, unfitting armour, claws 3, regeneration 1, shaggy fur 1, tough skin 1
a: Renounce Religion, Rising Flame


You were on level 4 of the Lair of Beasts.
You worshipped Ignis.
Ignis was noncommittal.
You visited 2 branches of the dungeon, and saw 12 of its levels.

You collected 966 gold pieces.


Innate Abilities, Weirdness & Mutations

You are too large for most types of armour.
You have claws for hands.
Your natural rate of healing is unusually fast.
You are covered in fur. (AC +1)
You have tough skin. (AC +1)


   Skills:
 - Level 7.0 Fighting
 - Level 2.0 Throwing
 - Level 1.1 Armour
 - Level 2.0 Dodging
 - Level 11.0 Shields
 + Level 16.2 Unarmed Combat
 - Level 1.0 Spellcasting
 - Level 2.1 Fire Magic


You had 13 spell levels left.
You didn't know any spells.
Your spell library contained the following spells:

 Spells                   Type           Power      Damage    Failure   Level
 Scorch                   Fire           8%         2d5       36%         2

Inventory:

Missiles
 d - 7 boomerangs (quivered)
Armour
 a - a +0 robe (worn)
 h - a +2 kite shield (worn)
 i - a +1 cloak (worn)
 m - a +2 hat (worn)
Jewellery
 k - a +4 ring of protection (right claw)
 p - a +4 ring of evasion (left claw)
 u - a ring of fire
 v - a ring of fire
Wands
 n - a wand of digging (6)
Scrolls
 g - a scroll of identify
 o - 5 scrolls of enchant weapon
Potions
 b - a potion of might
 c - 4 potions of resistance
 e - a potion of mutation
 f - 4 potions of curing
 s - a potion of haste

Dungeon Overview and Level Annotations

Branches:
Dungeon (8/15)             Temple (0/1) D:6            Lair (4/5) D:8
 Shoals (0/4) Lair:2        Snake (0/4) Lair:2
  Slime: Lair:4-5

Altars:
Cheibriados
Elyvilon
Fedhas
Hepliaklqana
Nemelex Xobeh
Qazlal
Trog
Wu Jian
Xom

Shops:
D:1 [

Portals:
Volcano: Lair:1


Message History

You barely miss the cane toad.
You feel very sick. The cane toad closely misses you.
The komodo dragon hisses menacingly.
The komodo dragon completely misses you.
A torpor snail comes into view.
Being near the torpor snail leaves you feeling lethargic.
You barely miss the cane toad.
Your surroundings suddenly seem different.
Found a scroll of immolation, a leather armour and 25 gold pieces.
You feel very sick.
Enter note:
10157 ||| FLEEEEING.
You feel very sick.
10158 ||| FLEEEEING.
You feel very sick.
10159 ||| DRINKING potion of heal wounds.
You feel much better.
You feel sick.
You mangle the torpor snail!!
The torpor snail is moderately wounded.
You feel sick. The torpor snail bites you!
You claw the torpor snail!
The torpor snail is heavily wounded.
You feel sick.
You scratch the torpor snail.
The torpor snail is heavily wounded.
You feel sick. You block the torpor snail's attack. The cane toad stings you!
You barely miss the torpor snail.
The torpor snail is heavily wounded.
You feel sick.
You are no longer poisoned.
The torpor snail bites you. The cane toad closely misses you.
You claw the torpor snail!
The torpor snail is severely wounded.
You block the cane toad's attack. The torpor snail bites you!
You scratch the torpor snail.
The torpor snail is severely wounded.
You block the cane toad's attack. x2; The torpor snail bites you!
You die...

.................#..##...##
................##.####..#
...............>#...P##...#
........................~..
....................~...~~.
.........<.....$..P~~..P~P
..#..###.#......l.~~~...[~
###...# .......Fw~~~~.~..
#...## #@?.~~~~... ##...# .
##...~~.~.~ #....## ..
#...~~~~~~ ###..#.###...
#..~~~~~~~ ##...##..P....
#P..~~~~~~~ ###..P.......P
#....~~~~~. .....PPP......
...........
#..##.P#####.#############
##.##### #


You could see a torpor snail, a komodo dragon and a cane toad.

Vanquished Creatures
  Gastronok (Lair:3)
  Snorg (Lair:4)
  3 hydras
  A two-headed ogre (D:8)
  A death yak (Lair:2)
  Amaemon (Lair:2)
  A deep elf pyromancer (D:8)
  An oklob plant (Lair:1)
  16 elephants
  A guardian serpent (Lair:2)
  A torpor snail (Lair:2)
  An orange demon (Lair:2)
  4 cane toads
  9 komodo dragons
  2 rime drakes
  A hornet (D:8)
  10 blink frogs
  2 wyverns (Lair:4)
  10 yaks
  Grum (D:8)
  2 basilisks
  2 wargs (D:8)
  5 water moccasins
  Duvessa (D:5)
  A sky beast (D:8)
  A black bear (Lair:2)
  2 orc warriors (D:8)
  4 ice beasts
  10 wolves
  A phantom (D:7)
  Blork the orc (D:4)
  A kobold brigand (D:6)
  7 bullfrogs
  2 gnoll sergeants
  A necrophage (D:4)
  4 wights (D:7)
  Dowan (D:5)
  A howler monkey (D:8)
  3 hounds
  4 orc priests
  3 jellies
  Jessica (D:2)
  3 iguanas
  Terence (D:2)
  3 orc wizards
  Natasha (thrice) (D:3)
  8 gnolls
  5 adders
  A river rat (D:3)
  A shadow imp (D:5)
  2 ufetubi
  3 worms
  3 dart slugs
  23 orcs
  8 endoplasms
  7 giant cockroaches
  5 goblins
  6 hobgoblins
  8 jackals
  2 quokkas (D:2)
  8 ball pythons
  2 bats (D:1)
  A frilled lizard (D:1)
  11 kobolds
  8 rats
248 creatures vanquished.

Vanquished Creatures (others)
  A wizard (D:5)
  8 fungi
  14 plants
23 creatures vanquished.

Grand Total: 271 creatures vanquished

Notes
Turn   | Place    | Note
-------+----------+-------------------------------------------
     0 | D:1      | qw the Troll Cinder Acolyte began the quest for the Orb.
     0 | D:1      | Reached XP level 1. HP: 22/22 MP: 1/1
     0 | D:1      | 0 ||| qw: Version: 0.1-a-97-g2dd2ca4
     0 | D:1      | 0 ||| qw: Game counter: 4667
     0 | D:1      | 0 ||| qw: Always use a shield: true
     0 | D:1      | 0 ||| qw: God list: Okawaru
     0 | D:1      | 0 ||| qw: Allow faded altars: false
     0 | D:1      | 0 ||| qw: Do Orc after D:15 true
     0 | D:1      | 0 ||| qw: Do second Lair branch before Depths: true
     0 | D:1      | 0 ||| qw: Lair rune preference: random
     0 | D:1      | 0 ||| qw: Plans: Normal
     0 | D:1      | 0 ||| PLANNING D:1-11
   150 | D:1      | 150 ||| Stepping ~*~*~tactically~*~*~ (stealth).
   265 | D:1      | Found Bidym's Antique Armour Boutique.
   275 | D:1      | Reached XP level 2. HP: 24/29 MP: 2/2
   287 | D:1      | 287 ||| SHOPLISTING fire dragon scales (1500 gold, have
                  | 17).
   287 | D:1      | 287 ||| SHOPLISTING glowing hat (175 gold, have 17).
   667 | D:1      | Found a faded altar of an unknown god.
   722 | D:1      | 722 ||| UPGRADING to +6 ring of dexterity.
   723 | D:1      | 723 ||| READING scroll labelled MUATUC XEPYLI.
   747 | D:2      | 747 ||| Stepping ~*~*~tactically~*~*~ (stealth).
   749 | D:2      | 749 ||| Stepping ~*~*~tactically~*~*~ (stealth).
   769 | D:2      | 769 ||| FLEEEEING.
   770 | D:2      | 770 ||| FLEEEEING.
   780 | D:2      | Noticed Jessica
   788 | D:2      | Killed Jessica
   789 | D:2      | Reached skill level 4 in Unarmed Combat
   789 | D:2      | Reached XP level 3. HP: 36/36 MP: 3/3
   900 | D:2      | Noticed Terence
   909 | D:2      | Killed Terence
   910 | D:2      | Reached skill level 5 in Unarmed Combat
   910 | D:2      | Reached XP level 4. HP: 35/44 MP: 4/4
  1183 | D:2      | 1183 ||| Stepping ~*~*~tactically~*~*~ (outnumbered).
  1461 | D:2      | 1461 ||| READING 2 scrolls labelled MEICKANYSS.
  1462 | D:2      | 1462 ||| READING 2 scrolls labelled PYSOTT LAGUL.
  1463 | D:2      | 1463 ||| READING 2 scrolls labelled HYCOED KOEBLIL.
  1466 | D:2      | 1466 ||| READING scroll labelled BOMAT WUONITS.
  1467 | D:2      | 1467 ||| DROPPING scroll of blinking.
  1503 | D:3      | 1503 ||| PLANNING SEWER
  1535 | D:3      | Found a blossoming altar of Fedhas.
  1562 | D:3      | Reached skill level 1 in Dodging
  1650 | D:3      | Noticed Natasha
  1656 | D:3      | Killed Natasha
  1657 | D:3      | Reached XP level 5. HP: 48/50 MP: 5/5
  1781 | D:3      | Noticed Natasha
  1782 | D:3      | 1782 ||| Stepping ~*~*~tactically~*~*~ (hiding).
  1799 | D:3      | Killed Natasha
  1924 | D:3      | Noticed Natasha
  1925 | D:3      | 1925 ||| Stepping ~*~*~tactically~*~*~ (stealth).
  1930 | D:3      | Killed Natasha
  1931 | D:3      | Reached skill level 6 in Unarmed Combat
  2141 | D:3      | Found a glowing drain.
  2152 | D:3      | 2152 ||| UPGRADING to +4 ring of protection.
  2153 | D:3      | 2153 ||| READING scroll labelled HOHAYK KALE.
  2163 | D:3      | 2163 ||| DRINKING 2 ruby potions.
  2164 | D:3      | 2164 ||| READING 2 scrolls of identify.
  2164 | D:3      | 2164 ||| IDENTIFYING puce potion
  2272 | D:3      | 2272 ||| RIP SEWER
  2272 | D:3      | 2272 ||| PLANNING D:1-11
  2302 | D:4      | Reached XP level 6. HP: 59/59 MP: 6/6
  2373 | D:4      | Noticed Blork the orc
  2374 | D:4      | 2374 ||| Stepping ~*~*~tactically~*~*~ (hiding).
  2476 | D:4      | 2476 ||| Stepping ~*~*~tactically~*~*~ (hiding).
  2484 | D:4      | Killed Blork the orc
  2485 | D:4      | Reached skill level 7 in Unarmed Combat
  2524 | D:4      | 2524 ||| Stepping ~*~*~tactically~*~*~ (stealth).
  2526 | D:4      | 2526 ||| Stepping ~*~*~tactically~*~*~ (stealth).
  2531 | D:4      | 2531 ||| Stepping ~*~*~tactically~*~*~ (stealth).
  2532 | D:4      | 2532 ||| Stepping ~*~*~tactically~*~*~ (stealth).
  2534 | D:4      | 2534 ||| Stepping ~*~*~tactically~*~*~ (stealth).
  2536 | D:4      | 2536 ||| Stepping ~*~*~tactically~*~*~ (stealth).
  2537 | D:4      | 2537 ||| Stepping ~*~*~tactically~*~*~ (stealth).
  2539 | D:4      | 2539 ||| Stepping ~*~*~tactically~*~*~ (stealth).
  2559 | D:4      | 2559 ||| Stepping ~*~*~tactically~*~*~ (stealth).
  2560 | D:4      | 2560 ||| Stepping ~*~*~tactically~*~*~ (stealth).
  2680 | D:4      | Found a snail-covered altar of Cheibriados.
  2816 | D:4      | Found a stormy altar of Qazlal.
  3073 | D:4      | 3073 ||| UPGRADING to +4 ring of evasion.
  3075 | D:4      | 3075 ||| DROPPING +6 ring of dexterity.
  3076 | D:4      | 3076 ||| READING scroll labelled WOACZE NECWUTWYRI.
  3077 | D:4      | 3077 ||| READING scroll labelled OKHLOH DEUKEO.
  3078 | D:4      | 3078 ||| DRINKING 2 lumpy dark potions.
  3120 | D:5      | Entered Level 5 of the Dungeon
  3251 | D:5      | 3251 ||| Stepping ~*~*~tactically~*~*~ (outnumbered).
  3252 | D:5      | 3252 ||| Stepping ~*~*~tactically~*~*~ (outnumbered).
  3253 | D:5      | 3253 ||| Stepping ~*~*~tactically~*~*~ (outnumbered).
  3254 | D:5      | 3254 ||| Stepping ~*~*~tactically~*~*~ (outnumbered).
  3255 | D:5      | 3255 ||| Stepping ~*~*~tactically~*~*~ (outnumbered).
  3256 | D:5      | 3256 ||| Stepping ~*~*~tactically~*~*~ (outnumbered).
  3257 | D:5      | 3257 ||| Stepping ~*~*~tactically~*~*~ (outnumbered).
  3276 | D:5      | Found a sparkling altar of Nemelex Xobeh.
  3416 | D:5      | 3416 ||| Stepping ~*~*~tactically~*~*~ (stealth).
  3581 | D:5      | Reached XP level 7. HP: 64/66 MP: 7/7
  3586 | D:5      | Noticed Dowan
  3587 | D:5      | 3587 ||| Stepping ~*~*~tactically~*~*~ (hiding).
  3592 | D:5      | Killed Dowan
  3593 | D:5      | Reached skill level 8 in Unarmed Combat
  3721 | D:5      | 3721 ||| Stepping ~*~*~tactically~*~*~ (outnumbered).
  3737 | D:5      | Reached skill level 3 in Fighting
  3837 | D:5      | Noticed Duvessa
  3845 | D:5      | Killed Duvessa
  3902 | D:5      | Found a bloodstained altar of Trog.
  3903 | D:5      | Noticed a wizard
  3910 | D:5      | Killed a wizard
  4001 | D:5      | 4001 ||| Stepping ~*~*~tactically~*~*~ (stealth).
  4057 | D:5      | 4057 ||| Stepping ~*~*~tactically~*~*~ (hiding).
  4264 | D:5      | 4264 ||| READING scroll labelled DOD MOMORYILESEWK.
  4265 | D:5      | 4265 ||| DRINKING 3 orange potions.
  4266 | D:5      | 4266 ||| DRINKING 3 fuming emerald potions.
  4300 | D:5      | 4300 ||| READING 2 scrolls of identify.
  4300 | D:5      | 4300 ||| IDENTIFYING fuming green potion
  4301 | D:5      | 4301 ||| DROPPING 2 potions of lignification.
  4431 | D:6      | 4431 ||| Stepping ~*~*~tactically~*~*~ (stealth).
  4438 | D:6      | Reached skill level 9 in Unarmed Combat
  4443 | D:6      | 4443 ||| Stepping ~*~*~tactically~*~*~ (outnumbered).
  4447 | D:6      | Reached skill level 1 in Throwing
  4481 | D:6      | 4481 ||| Stepping ~*~*~tactically~*~*~ (stealth).
  4484 | D:6      | 4484 ||| Stepping ~*~*~tactically~*~*~ (stealth).
  4503 | D:6      | 4503 ||| Stepping ~*~*~tactically~*~*~ (stealth).
  4510 | D:6      | 4510 ||| Stepping ~*~*~tactically~*~*~ (stealth).
  4517 | D:6      | Reached XP level 8. HP: 74/75 MP: 8/8
  4535 | D:6      | 4535 ||| Stepping ~*~*~tactically~*~*~ (stealth).
  4537 | D:6      | 4537 ||| Stepping ~*~*~tactically~*~*~ (hiding).
  4539 | D:6      | 4539 ||| Stepping ~*~*~tactically~*~*~ (stealth).
  4559 | D:6      | Found a staircase to the Ecumenical Temple.
  5123 | D:6      | 5123 ||| DRINKING 2 metallic puce potions.
  5124 | D:6      | 5124 ||| READING 2 scrolls of identify.
  5124 | D:6      | 5124 ||| IDENTIFYING fuming golden potion
  5125 | D:6      | 5125 ||| DROPPING potion of flight.
  5126 | D:6      | 5126 ||| DROPPING potion of degeneration.
  5194 | D:7      | 5194 ||| Stepping ~*~*~tactically~*~*~ (stealth).
  5196 | D:7      | 5196 ||| Stepping ~*~*~tactically~*~*~ (stealth).
  5207 | D:7      | 5207 ||| Stepping ~*~*~tactically~*~*~ (outnumbered).
  5208 | D:7      | 5208 ||| Stepping ~*~*~tactically~*~*~ (outnumbered).
  5435 | D:7      | Reached skill level 10 in Unarmed Combat
  5478 | D:7      | 5478 ||| INVOKING Fiery Armour.
  5485 | D:7      | 5485 ||| Stepping ~*~*~tactically~*~*~ (hiding).
  5487 | D:7      | 5487 ||| Stepping ~*~*~tactically~*~*~ (outnumbered).
  5491 | D:7      | HP: 12/78 [orc priest/divine providence (14)]
  5492 | D:7      | 5492 ||| READING scroll of teleportation.
  5492 | D:7      | HP: 4/78 [orc priest/nerve-wracking pain (9)]
  5493 | D:7      | 5493 ||| DRINKING 4 potions of heal wounds.
  5788 | D:7      | 5788 ||| UPGRADING to +1 hat.
  5793 | D:7      | 5793 ||| READING scroll labelled PIMAUV EGHU.
  5794 | D:7      | 5794 ||| READING 2 scrolls of identify.
  5794 | D:7      | 5794 ||| IDENTIFYING silvery potion
  5795 | D:7      | 5795 ||| DROPPING potion of berserk rage.
  5796 | D:7      | 5796 ||| Stepping randomly (stuck).
  5797 | D:7      | 5797 ||| Stepping ~*~*~tactically~*~*~ (cloud).
  5855 | D:8      | 5855 ||| PLANNING OSSUARY
  5855 | D:8      | Noticed Grum
  5856 | D:8      | 5856 ||| STAIRDANCE
  5870 | D:7      | Reached skill level 11 in Unarmed Combat
  5893 | D:8      | 5893 ||| STAIRDANCE
  5896 | D:7      | Reached XP level 9. HP: 83/84 MP: 9/9
  5899 | D:8      | 5899 ||| INVOKING Fiery Armour.
  5904 | D:8      | Killed Grum
  5958 | D:8      | 5958 ||| Stepping ~*~*~tactically~*~*~ (hiding).
  5960 | D:8      | 5960 ||| Stepping ~*~*~tactically~*~*~ (hiding).
  5966 | D:8      | Found a staircase to the Lair.
  5972 | D:8      | 5972 ||| Stepping ~*~*~tactically~*~*~ (stealth).
  5977 | D:8      | 5977 ||| Stepping ~*~*~tactically~*~*~ (outnumbered).
  5982 | D:8      | Reached skill level 12 in Unarmed Combat
  5983 | D:8      | 5983 ||| Stepping ~*~*~tactically~*~*~ (outnumbered).
  6010 | D:8      | Noticed a two-headed ogre
  6011 | D:8      | 6011 ||| Stepping ~*~*~tactically~*~*~ (stealth).
  6012 | D:8      | 6012 ||| Stepping ~*~*~tactically~*~*~ (stealth).
  6013 | D:8      | 6013 ||| Stepping ~*~*~tactically~*~*~ (stealth).
  6014 | D:8      | 6014 ||| Stepping ~*~*~tactically~*~*~ (stealth).
  6015 | D:8      | 6015 ||| Stepping ~*~*~tactically~*~*~ (stealth).
  6016 | D:8      | 6016 ||| Stepping ~*~*~tactically~*~*~ (stealth).
  6025 | D:8      | Killed a two-headed ogre
  6026 | D:8      | Reached skill level 6 in Fighting
  6074 | D:8      | Identified the +5 hand axe of Imbalance {elec, Contam rPois
                  | rCorr Str+4}
  6083 | D:8      | 6083 ||| Stepping ~*~*~tactically~*~*~ (stealth).
  6085 | D:8      | 6085 ||| Stepping ~*~*~tactically~*~*~ (hiding).
  6089 | D:8      | 6089 ||| INVOKING Fiery Armour.
  6151 | D:8      | Found a hazy altar of Hepliaklqana.
  6223 | D:8      | Found a shimmering altar of Xom.
  6245 | D:8      | Noticed a deep elf pyromancer
  6256 | D:8      | Killed a deep elf pyromancer
  6257 | D:8      | Reached XP level 10. HP: 99/100 MP: 10/10
  6292 | D:8      | Found an ornate altar of the Wu Jian Council.
  6332 | D:8      | Found a white marble altar of Elyvilon.
  6355 | D:8      | 6355 ||| Stepping ~*~*~tactically~*~*~ (hiding).
  6467 | D:8      | 6467 ||| Stepping ~*~*~tactically~*~*~ (stealth).
  6469 | D:8      | 6469 ||| Stepping ~*~*~tactically~*~*~ (hiding).
  6471 | D:8      | 6471 ||| Stepping ~*~*~tactically~*~*~ (hiding).
  6484 | D:8      | Reached skill level 13 in Unarmed Combat
  6491 | D:8      | 6491 ||| INVOKING Fiery Armour.
  6496 | D:8      | 6496 ||| FLEEEEING.
  6497 | D:8      | 6497 ||| FLEEEEING.
  6498 | D:8      | 6498 ||| FLEEEEING.
  6499 | D:8      | 6499 ||| FLEEEEING.
  6500 | D:8      | 6500 ||| FLEEEEING.
  6501 | D:8      | 6501 ||| FLEEEEING.
  6501 | D:8      | 6501 ||| RIP OSSUARY
  6502 | D:8      | 6502 ||| PLANNING LAIR
  6502 | D:8      | 6502 ||| FLEEEEING.
  6503 | D:8      | 6503 ||| FLEEEEING.
  6504 | D:8      | 6504 ||| FLEEEEING.
  6505 | D:8      | 6505 ||| FLEEEEING.
  6506 | D:8      | 6506 ||| FLEEEEING.
  6507 | D:8      | 6507 ||| FLEEEEING.
  6508 | D:8      | 6508 ||| FLEEEEING.
  6509 | D:8      | 6509 ||| FLEEEEING.
  6510 | D:8      | 6510 ||| FLEEEEING.
  6511 | D:8      | 6511 ||| FLEEEEING.
  6512 | D:8      | 6512 ||| FLEEEEING.
  6513 | D:8      | 6513 ||| FLEEEEING.
  6514 | D:8      | 6514 ||| FLEEEEING.
  6515 | D:8      | 6515 ||| FLEEEEING.
  6516 | D:8      | 6516 ||| FLEEEEING.
  6517 | D:8      | 6517 ||| FLEEEEING.
  6518 | D:8      | 6518 ||| FLEEEEING.
  6519 | D:8      | 6519 ||| FLEEEEING.
  6520 | D:8      | 6520 ||| FLEEEEING.
  6521 | D:8      | 6521 ||| FLEEEEING.
  6522 | D:8      | 6522 ||| FLEEEEING.
  6523 | D:8      | 6523 ||| FLEEEEING.
  6524 | D:8      | 6524 ||| FLEEEEING.
  6525 | D:8      | 6525 ||| FLEEEEING.
  6526 | D:8      | 6526 ||| FLEEEEING.
  6527 | D:8      | 6527 ||| FLEEEEING.
  6528 | D:8      | 6528 ||| FLEEEEING.
  6530 | D:8      | 6530 ||| FLEEEEING.
  6531 | D:8      | 6531 ||| STAIRDANCE
  6551 | D:7      | 6551 ||| UPGRADING to +2 kite shield.
  6556 | D:7      | 6556 ||| UPGRADING to +1 cloak.
  6585 | D:8      | Reached skill level 1 in Shields
  6615 | Lair:1   | Entered Level 1 of the Lair of Beasts
  6654 | Lair:1   | 6654 ||| Stepping ~*~*~tactically~*~*~ (stealth).
  6666 | Lair:1   | Found a dark tunnel.
  6668 | Lair:1   | 6668 ||| INVOKING Fiery Armour.
  6679 | Lair:1   | Reached skill level 3 in Shields
  6694 | Lair:1   | Noticed an elephant
  6695 | Lair:1   | Noticed an elephant
  6696 | Lair:1   | Noticed an elephant
  6699 | Lair:1   | 6699 ||| Stepping ~*~*~tactically~*~*~ (stealth).
  6700 | Lair:1   | 6700 ||| Stepping ~*~*~tactically~*~*~ (stealth).
  6714 | Lair:1   | Killed an elephant
  6722 | Lair:1   | Killed an elephant
  6723 | Lair:1   | Reached skill level 6 in Shields
  6728 | Lair:1   | Killed an elephant
  6871 | Lair:1   | Noticed a cane toad
  6872 | Lair:1   | Noticed a five-headed hydra
  6873 | Lair:1   | 6873 ||| INVOKING Fiery Armour.
  6875 | Lair:1   | 6875 ||| Stepping ~*~*~tactically~*~*~ (outnumbered).
  6880 | Lair:1   | 6880 ||| Stepping ~*~*~tactically~*~*~ (outnumbered).
  6881 | Lair:1   | Killed a six-headed hydra
  6882 | Lair:1   | Reached XP level 11. HP: 96/106 MP: 11/11
  6918 | Lair:1   | 6918 ||| Stepping ~*~*~tactically~*~*~ (stealth).
  7130 | Lair:1   | Noticed an oklob plant
  7131 | Lair:1   | 7131 ||| INVOKING Fiery Armour.
  7143 | Lair:1   | Killed an oklob plant
  7341 | Lair:1   | 7341 ||| DROPPING ring of positive energy.
  7342 | Lair:1   | 7342 ||| READING scroll labelled JOBYMA GEZE.
  7343 | Lair:1   | 7343 ||| READING scroll labelled CEBLOX ROGI.
  7344 | Lair:1   | 7344 ||| DRINKING 2 smoky pink potions.
  7345 | Lair:1   | 7345 ||| READING 2 scrolls of identify.
  7345 | Lair:1   | 7345 ||| IDENTIFYING brown potion
  7346 | Lair:1   | 7346 ||| DROPPING potion of brilliance.
  7347 | Lair:1   | 7347 ||| DROPPING potion of attraction.
  7491 | Lair:2   | 7491 ||| FLEEEEING.
  7499 | Lair:2   | 7499 ||| Stepping ~*~*~tactically~*~*~ (hiding).
  7499 | Lair:2   | Noticed a death yak
  7501 | Lair:2   | 7501 ||| Stepping ~*~*~tactically~*~*~ (hiding).
  7502 | Lair:2   | 7502 ||| INVOKING Fiery Armour.
  7515 | Lair:2   | Killed a death yak
  7516 | Lair:2   | Reached skill level 9 in Shields
  7519 | Lair:2   | Reached skill level 1 in Armour
  7636 | Lair:2   | 7636 ||| Stepping ~*~*~tactically~*~*~ (stealth).
  7637 | Lair:2   | 7637 ||| Stepping ~*~*~tactically~*~*~ (stealth).
  7742 | Lair:2   | Found a staircase to the Snake Pit.
  7826 | Lair:2   | 7826 ||| Stepping ~*~*~tactically~*~*~ (stealth).
  7900 | Lair:2   | 7900 ||| Stepping ~*~*~tactically~*~*~ (stealth).
  7902 | Lair:2   | 7902 ||| Stepping ~*~*~tactically~*~*~ (stealth).
  7906 | Lair:2   | 7906 ||| Stepping ~*~*~tactically~*~*~ (outnumbered).
  7908 | Lair:2   | 7908 ||| Stepping ~*~*~tactically~*~*~ (outnumbered).
  7909 | Lair:2   | 7909 ||| Stepping ~*~*~tactically~*~*~ (outnumbered).
  7910 | Lair:2   | 7910 ||| Stepping ~*~*~tactically~*~*~ (outnumbered).
  7911 | Lair:2   | 7911 ||| Stepping ~*~*~tactically~*~*~ (outnumbered).
  7912 | Lair:2   | 7912 ||| Stepping ~*~*~tactically~*~*~ (outnumbered).
  7913 | Lair:2   | 7913 ||| Stepping ~*~*~tactically~*~*~ (outnumbered).
  7914 | Lair:2   | 7914 ||| Stepping ~*~*~tactically~*~*~ (outnumbered).
  7918 | Lair:2   | 7918 ||| Stepping ~*~*~tactically~*~*~ (outnumbered).
  7922 | Lair:2   | 7922 ||| Stepping ~*~*~tactically~*~*~ (outnumbered).
  7923 | Lair:2   | 7923 ||| Stepping ~*~*~tactically~*~*~ (outnumbered).
  7924 | Lair:2   | 7924 ||| Stepping ~*~*~tactically~*~*~ (outnumbered).
  7925 | Lair:2   | 7925 ||| STAIRDANCE
  7927 | Lair:2   | 7927 ||| Stepping ~*~*~tactically~*~*~ (outnumbered).
  7928 | Lair:2   | 7928 ||| Stepping ~*~*~tactically~*~*~ (outnumbered).
  7929 | Lair:2   | 7929 ||| Stepping ~*~*~tactically~*~*~ (outnumbered).
  7930 | Lair:2   | 7930 ||| Stepping ~*~*~tactically~*~*~ (outnumbered).
  7931 | Lair:2   | 7931 ||| Stepping ~*~*~tactically~*~*~ (outnumbered).
  7932 | Lair:2   | 7932 ||| Stepping ~*~*~tactically~*~*~ (outnumbered).
  7933 | Lair:2   | 7933 ||| Stepping ~*~*~tactically~*~*~ (outnumbered).
  7936 | Lair:2   | 7936 ||| Stepping ~*~*~tactically~*~*~ (outnumbered).
  8025 | Lair:2   | 8025 ||| Stepping ~*~*~tactically~*~*~ (stealth).
  8026 | Lair:2   | 8026 ||| Stepping ~*~*~tactically~*~*~ (stealth).
  8030 | Lair:2   | Noticed Amaemon
  8031 | Lair:2   | 8031 ||| Stepping ~*~*~tactically~*~*~ (stealth).
  8046 | Lair:2   | Killed Amaemon
  8051 | Lair:2   | Reached skill level 14 in Unarmed Combat
  8268 | Lair:2   | Found a staircase to the Shoals.
  8419 | Lair:3   | Noticed Gastronok
  8419 | Lair:3   | Noticed a six-headed hydra
  8420 | Lair:3   | 8420 ||| INVOKING Fiery Armour.
  8429 | Lair:3   | Killed Gastronok
  8431 | Lair:3   | Killed an eight-headed hydra
  8432 | Lair:3   | Reached XP level 12. HP: 71/115 MP: 12/12
  8434 | Lair:3   | 8434 ||| FLEEEEING.
  8435 | Lair:3   | 8435 ||| STAIRDANCE
  8596 | Lair:3   | 8596 ||| Stepping ~*~*~tactically~*~*~ (hiding).
  8782 | Lair:3   | 8782 ||| INVOKING Fiery Armour.
  8787 | Lair:3   | 8787 ||| Stepping ~*~*~tactically~*~*~ (outnumbered).
  8788 | Lair:3   | 8788 ||| Stepping ~*~*~tactically~*~*~ (outnumbered).
  8789 | Lair:3   | 8789 ||| Stepping ~*~*~tactically~*~*~ (outnumbered).
  8790 | Lair:3   | 8790 ||| Stepping ~*~*~tactically~*~*~ (outnumbered).
  8792 | Lair:3   | Reached skill level 15 in Unarmed Combat
  8792 | Lair:3   | 8792 ||| FLEEEEING.
  8793 | Lair:3   | 8793 ||| FLEEEEING.
  8794 | Lair:3   | 8794 ||| FLEEEEING.
  8795 | Lair:3   | 8795 ||| FLEEEEING.
  8796 | Lair:3   | 8796 ||| FLEEEEING.
  9041 | Lair:3   | Noticed an eight-headed hydra
  9042 | Lair:3   | 9042 ||| INVOKING Fiery Armour.
  9051 | Lair:3   | Killed a ten-headed hydra
  9332 | Lair:3   | 9332 ||| UPGRADING to +2 hat.
  9342 | Lair:3   | 9342 ||| DROPPING +1 hat.
  9343 | Lair:3   | 9343 ||| READING 3 scrolls labelled PIUVOKHL ANIADD.
  9344 | Lair:3   | 9344 ||| READING 2 scrolls of identify.
  9344 | Lair:3   | 9344 ||| IDENTIFYING cyan potion
  9345 | Lair:3   | 9345 ||| DROPPING potion of magic.
  9346 | Lair:3   | 9346 ||| DROPPING 2 scrolls of magic mapping.
  9398 | Lair:4   | 9398 ||| Stepping ~*~*~tactically~*~*~ (stealth).
  9419 | Lair:4   | 9419 ||| Stepping ~*~*~tactically~*~*~ (outnumbered).
  9436 | Lair:4   | 9436 ||| INVOKING Fiery Armour.
  9441 | Lair:4   | Noticed Snorg
  9442 | Lair:4   | 9442 ||| FLEEEEING.
  9443 | Lair:4   | 9443 ||| FLEEEEING.
  9444 | Lair:4   | 9444 ||| FLEEEEING.
  9445 | Lair:4   | 9445 ||| FLEEEEING.
  9446 | Lair:4   | 9446 ||| FLEEEEING.
  9447 | Lair:4   | 9447 ||| FLEEEEING.
  9448 | Lair:4   | 9448 ||| STAIRDANCE
  9500 | Lair:4   | Killed Snorg
  9550 | Lair:4   | 9550 ||| Stepping ~*~*~tactically~*~*~ (outnumbered).
  9551 | Lair:4   | 9551 ||| Stepping ~*~*~tactically~*~*~ (hiding).
  9556 | Lair:4   | 9556 ||| Stepping ~*~*~tactically~*~*~ (outnumbered).
  9559 | Lair:4   | 9559 ||| Stepping ~*~*~tactically~*~*~ (outnumbered).
  9560 | Lair:4   | 9560 ||| Stepping ~*~*~tactically~*~*~ (outnumbered).
  9561 | Lair:4   | 9561 ||| Stepping ~*~*~tactically~*~*~ (outnumbered).
  9562 | Lair:4   | 9562 ||| Stepping ~*~*~tactically~*~*~ (outnumbered).
  9563 | Lair:4   | 9563 ||| Stepping ~*~*~tactically~*~*~ (outnumbered).
  9564 | Lair:4   | 9564 ||| Stepping ~*~*~tactically~*~*~ (outnumbered).
  9644 | Lair:4   | 9644 ||| Stepping ~*~*~tactically~*~*~ (stealth).
  9650 | Lair:4   | 9650 ||| Stepping ~*~*~tactically~*~*~ (stealth).
  9662 | Lair:4   | 9662 ||| Stepping ~*~*~tactically~*~*~ (outnumbered).
  9663 | Lair:4   | 9663 ||| Stepping ~*~*~tactically~*~*~ (outnumbered).
  9664 | Lair:4   | 9664 ||| Stepping ~*~*~tactically~*~*~ (outnumbered).
  9665 | Lair:4   | 9665 ||| Stepping ~*~*~tactically~*~*~ (outnumbered).
  9666 | Lair:4   | 9666 ||| Stepping ~*~*~tactically~*~*~ (outnumbered).
  9667 | Lair:4   | 9667 ||| Stepping ~*~*~tactically~*~*~ (outnumbered).
  9668 | Lair:4   | 9668 ||| Stepping ~*~*~tactically~*~*~ (outnumbered).
  9669 | Lair:4   | 9669 ||| Stepping ~*~*~tactically~*~*~ (outnumbered).
  9670 | Lair:4   | 9670 ||| Stepping ~*~*~tactically~*~*~ (outnumbered).
  9671 | Lair:4   | 9671 ||| Stepping ~*~*~tactically~*~*~ (outnumbered).
  9672 | Lair:4   | 9672 ||| Stepping ~*~*~tactically~*~*~ (outnumbered).
  9675 | Lair:4   | 9675 ||| Stepping ~*~*~tactically~*~*~ (outnumbered).
  9677 | Lair:4   | 9677 ||| Stepping ~*~*~tactically~*~*~ (outnumbered).
  9678 | Lair:4   | 9678 ||| Stepping ~*~*~tactically~*~*~ (outnumbered).
  9679 | Lair:4   | 9679 ||| Stepping ~*~*~tactically~*~*~ (outnumbered).
  9680 | Lair:4   | 9680 ||| Stepping ~*~*~tactically~*~*~ (outnumbered).
  9681 | Lair:4   | 9681 ||| Stepping ~*~*~tactically~*~*~ (outnumbered).
  9682 | Lair:4   | 9682 ||| Stepping ~*~*~tactically~*~*~ (outnumbered).
  9683 | Lair:4   | 9683 ||| Stepping ~*~*~tactically~*~*~ (outnumbered).
  9684 | Lair:4   | 9684 ||| Stepping ~*~*~tactically~*~*~ (outnumbered).
  9698 | Lair:4   | Reached skill level 16 in Unarmed Combat
  9806 | Lair:4   | 9806 ||| Stepping ~*~*~tactically~*~*~ (stealth).
  9811 | Lair:4   | 9811 ||| INVOKING Fiery Armour.
  9817 | Lair:4   | 9817 ||| Stepping ~*~*~tactically~*~*~ (stealth).
  9834 | Lair:4   | 9834 ||| Stepping ~*~*~tactically~*~*~ (outnumbered).
 10143 | Lair:4   | 10143 ||| Stepping ~*~*~tactically~*~*~ (outnumbered).
 10151 | Lair:4   | HP: 27/118 [komodo dragon (27)]
 10152 | Lair:4   | 10152 ||| READING scroll of teleportation.
 10153 | Lair:4   | 10153 ||| DRINKING 3 potions of heal wounds.
 10154 | Lair:4   | 10154 ||| DRINKING 2 potions of heal wounds.
 10156 | Lair:4   | HP: 26/118 [poisoned by a cane toad]
 10157 | Lair:4   | 10157 ||| FLEEEEING.
 10158 | Lair:4   | 10158 ||| FLEEEEING.
 10159 | Lair:4   | 10159 ||| DRINKING potion of heal wounds.
 10162 | Lair:4   | HP: 19/118 [cane toad (13)]
 10164 | Lair:4   | HP: 2/118 [torpor snail (15)]
 10165 | Lair:4   | Mangled by a torpor snail

Levels and vault maps discovered:
D:1:      dpeg_arrival_water_temple_mockup, layout_basic,
          ebering_ecumenical_altar_box, serial_shops, nicolae_lakefront_shop
D:2:      layout_basic, minmay_pentomino_w2, uniq_terence, uniq_jessica
D:3:      layout_rooms, overflow_temple_1_default, portal_sewer_entry_b,
          serial_bayou_pond_a, uniq_natasha
D:4:      layout_cave_pools, mainiacjoe_overflow_alcove_2,
          grunt_qazlal_sundering, minmay_misc_feat_rows, serial_bayou_lagoon_b,
          uniq_blork_the_orc
D:5:      nicolae_BIG_FREAKIN_CUBE, layout_basic, trog_wizard,
          nemelex_spade_bored_becter, uniq_duvessa
D:6:      layout_basic, minmay_temple_entry_mist
D:7:      layout_rooms, serial_aquarium, aquarium_bridge_straight
          [aquarium_subvault_bridge, aquarium_subvault_balcony,
          aquarium_subvault_bridge, aquarium_subvault_wall],
          aquarium_bridge_square [aquarium_subvault_window,
          aquarium_subvault_window, aquarium_subvault_bridge,
          aquarium_subvault_wall], aquarium_window_corridor_2,
          aquarium_window_1, aquarium_window_fake, aquarium_view_2e,
          aquarium_balcony_3a, aquarium_pool_corner, st_stairs_8
D:8:      layout_rooms, mainiacjoe_overflow_six_doors_small, elyvilon_altar_1,
          mainiacjoe_overflow_alcove_4, mainiacjoe_overflow_boulevard,
          erik_lair_orcish_takeover, nicolae_ossuary_entry_ruins,
          kennysheep_minor_cross, minmay_manual_mail, uniq_grum
Lair:1:   layout_hall_layers, nicolae_volcano_entry_lava_flow,
          guppyfry_lair_drakes, infiniplex_staircase_pool
Lair:2:   layout_roguey, elwin_shoals_entry_rocks,
          minmay_snake_entry_spellcaster, serial_bayou_shore_b,
          serial_bayou_shore_b, uniq_amaemon
Lair:3:   layout_cave_pods, serial_bayou_crossing, infiniplex_staircase_pool_2,
          serial_bayou_shore_b, uniq_gastronok
Lair:4:   statuecave_lemuel, layout_small_grid, minivault_11, pond,
          lemuel_fruit_fields, uniq_snorg

Skill      XL: |  1  2  3  4  5  6  7  8  9 10 11 12 |
---------------+-------------------------------------+-----
Unarmed Combat | 4 5 6 7 9 11 12 13 14 16 | 16.2
Dodging        | 1 2 |  2.0
Fighting       | 3 4 6 7 |  7.0
Throwing       | 1 2 |  2.0
Shields        | 7 10 11 | 11.0
Armour         | 1 |  1.1
Spellcasting   | |  1.0
Fire Magic     | |  2.1

Action                   |  1- 3 |  4- 6 |  7- 9 | 10-12 || total
-------------------------+-------+-------+-------+-------++-------
Melee: Unarmed           |    64 |   149 |   221 |   386 ||   820
       Punch             |     1 |     5 |    12 |     3 ||    21
Throw: Boomerang         |     3 |    43 |    47 |    74 ||   167
Invok: Fiery Armour      |       |       |     3 |    10 ||    13
  Use: Scroll            |     1 |     8 |     6 |     6 ||    21
       Potion            |       |     2 |     4 |     4 ||    10
Armor: Robe              |    12 |    38 |    52 |   158 ||   260
Dodge: Dodged            |    21 |    40 |   123 |   168 ||   352
Block: Kite shield       |       |       |       |   214 ||   214

Table legend:
 A = Non-vault XP
 B = Vault XP
 C = Vault XP percentage of total XP
 D = Non-vault monster count
 E = Vault monster count
 F = Vault count percentage of total count
                 A         B        C        D         E       F
            +---------+---------+-------+---------+---------+-------
      Total |   25293 |    9922 |  28.2 |     208 |      40 |  16.1
            +---------+---------+-------+---------+---------+-------
        D:1 |      16 |       0 |   0.0 |      12 |       0 |   0.0
        D:2 |      53 |      75 |  58.6 |      19 |       4 |  17.4
        D:3 |     106 |      56 |  34.6 |      15 |       7 |  31.8
        D:4 |     158 |     100 |  38.8 |      18 |       1 |   5.3
        D:5 |     378 |     211 |  35.8 |      20 |       2 |   9.1
        D:6 |     570 |       0 |   0.0 |      17 |       0 |   0.0
        D:7 |     870 |     230 |  20.9 |      19 |       3 |  13.6
        D:8 |    1583 |    2492 |  61.2 |      20 |      11 |  35.5
     Lair:1 |    4092 |    1566 |  27.7 |      16 |       4 |  20.0
     Lair:2 |    6029 |    1605 |  21.0 |      19 |       3 |  13.6
     Lair:3 |    3504 |    1497 |  29.9 |       8 |       1 |  11.1
     Lair:4 |    7934 |    2090 |  20.8 |      25 |       4 |  13.8
            +---------+---------+-------+---------+---------+-------
